 Dungeon Crawl Stone Soup version 0.32-a0-961-gd60f5e5fc7 (webtiles) character file.

Game seed: 13170519761555878830

3854 Berder the Destroyer (level 10, -2/75 HPs)
             Began as a Naga Fire Elementalist on Apr 17, 2024.
             Was an Initiate of Vehumet.
             Killed by miscasting Flame Wave (8 damage)
             ... on level 8 of the Dungeon on Apr 18, 2024.
             The game lasted 00:19:49 (9506 turns).

Berder the Destroyer (Naga Fire Elementalist)       Turns: 9506, Time: 00:19:50

Health: -2/75      AC:  8    Str: 12    XL:     10   Next: 18%
Magic:  15/21      EV:  8    Int: 19    God:    Vehumet [......]
Gold:   326        SH:  0    Dex: 11    Spells: 15/24 levels left

rFire   . . .        M - +4 whip (elec)
rCold   . . .        S - orb {*channel}
rNeg    . . .        s - +0 robe
rPois   +            v - +0 helmet
rElec   .            (no cloak)
rCorr   .            D - +2 pair of gloves
SInv    +            (no barding)
Will    +....        (no amulet)
Stlth   ++           c - +4 ring of slaying
HPRegen 0.32/turn    (no ring)
MPRegen 0.17/turn

%: channel magic (20%)
@: very slightly contaminated, very slow
A: AC +3, large, see invisible, deformed body, poison resistance, slowness 2,
spit poison 1, naga tail 1
a: Spit Poison, Renounce Religion


You were on level 8 of the Dungeon.
You worshipped Vehumet.
Vehumet was noncommittal.
You visited 2 branches of the dungeon, and saw 9 of its levels.
You also visited: Ossuary.

You collected 326 gold pieces.

Inventory:

Hand Weapons
 a - a +4 spear
 d - a +0 mace
 m - a +2 heavy war axe
 r - a +0 whip
 t - a +0 dagger of speed
 E - a +1 dagger of speed
 M - a +4 whip of electrocution (weapon)
Missiles
 p - 15 poisoned darts (quivered)
Armour
 s - a +0 robe (worn)
 v - a +0 helmet (worn)
 D - a +2 pair of gloves (worn)
 S - an orb of energy (worn)
Jewellery
 c - a +4 ring of slaying (left hand)
 o - a ring of ice
 G - a +4 ring of slaying
Wands
 l - a wand of flame (15)
 B - a wand of mindburst (10)
 C - a wand of light (9)
 F - a wand of roots (22)
 R - a wand of paralysis (9)
Scrolls
 h - 3 scrolls of poison
 k - 3 scrolls of vulnerability
 n - 4 scrolls of enchant armour {unknown}
 q - a scroll of torment
 u - 2 scrolls of blinking
 x - 3 scrolls of fear
 y - 2 scrolls of acquirement {unknown}
 z - a scroll of teleportation
 H - 3 scrolls of revelation {unknown}
 I - 3 scrolls of immolation {unknown}
 L - 2 scrolls of enchant weapon {unknown}
 N - a scroll of fog
 O - a scroll of amnesia {unknown}
Potions
 b - a potion of magic
 e - 2 potions of heal wounds
 f - 2 potions of cancellation {unknown}
 g - a potion of invisibility
 i - 2 potions of might {unknown}
 j - 5 potions of curing {unknown}
 w - a potion of lignification {unknown}
 A - a potion of berserk rage {unknown}
 J - a potion of enlightenment {unknown}
 K - 4 potions of brilliance {unknown}
 P - 2 potions of mutation {unknown}
 Q - 2 potions of attraction {unknown}


   Skills:
 - Level 1.5 Dodging
 - Level 3.0 Stealth
 + Level 7.8 Spellcasting
 + Level 8.7 Conjurations
 + Level 8.7 Fire Magic


You had 15 spell levels left.
You knew the following spells:

 Your Spells              Type           Power      Damage    Failure   Level
a - Scorch                Fire           80%        2d8       3%          2
b - Foxfire               Conj/Fire      100%       2x1d9     2%          1
c - Flame Wave            Conj/Fire      40%        2d11      10%         4
d - Searing Ray           Conj           80%        2d7       3%          2

Your spell library contained the following spells:

 Spells                   Type           Power      Damage    Failure   Level
 Magic Dart               Conj           100%       1d8       2%          1
 Inner Flame              Hex/Fire       23%        N/A       14%         3
 Volatile Blastmotes      Fire/Tloc      46%        2d13      14%         3
 Ensorcelled Hibernation  Hex/Ice        14%        N/A       32%         2
 Fulminant Prism          Conj/Alch      11%        3d8       34%         4
 Fugue of the Fallen      Necr           7%         N/A       50%         3
 Anguish                  Hex/Necr       3%         N/A       85%         4


Dungeon Overview and Level Annotations

Branches:
Dungeon (8/15)             Temple (1/1) D:4         Ossuary (visited)
   Lair: D:8-11

Altars:
Ashenzari
Elyvilon
Fedhas
Gozag
Makhleb
Nemelex Xobeh
Okawaru
Qazlal
Ru
Sif Muna
Uskayaw
Vehumet
Wu Jian
Xom
Yredelemnul
Zin
The Shining One

Shops:
D:1 *   D:7 *

Annotations:
D:3 1 runed translucent door, Crazy Yiuf
D:5 exclusion: oklob plant
D:6 Maggie


Innate Abilities, Weirdness & Mutations

Your serpentine skin is tough. (AC +3)
You have supernaturally acute eyesight. (SInv)
Armour fits poorly on your strangely shaped body.
Your system is resistant to poisons. (rPois)
You cover ground very slowly.
You can spit poison.
You have a snake-like lower body.


Message History

The human shouts! x2
The human hits you with a +0 long sword.
The human closely misses you.
The human hits you with a +0 long sword! x2
The human barely misses you.
The human hits you with a +0 long sword!
The human barely misses you.
The human hits you with a +0 long sword!
The human hits you with a +0 long sword.
Casting: Foxfire (safe; 2% risk of failure)
Confirm with . or Enter, or press ? or * to list all spells.
Casting: Flame Wave (dangerous; 10% risk of failure)
Press: ? - help, Dir - look around, f - activate A wave of flame ripples out!
The flame wave engulfs the human!
The human is moderately wounded. (Press . to intensify the flame waves.) Magical energy flows into your mind!
The human hits you with a +0 long sword.
A wave of flame ripples out!
The flame wave engulfs the human!
The human is severely wounded.
The flame wave engulfs the human!
The human is heavily wounded.
The human hits you with a +0 long sword!
* * * LOW HITPOINT WARNING * * *
A wave of flame ripples out!
The flame wave engulfs the human!
The human is almost dead.
The flame wave engulfs the human but does no damage.
The human is heavily wounded.
You finish channelling waves of flame.
The human hits you with a +0 long sword!
* * * LOW HITPOINT WARNING * * *
Unknown command.
Casting: Flame Wave (dangerous; 10% risk of failure)
Confirm with . or Enter, or press ? or * to list all spells.
Casting: Flame Wave (dangerous; 10% risk of failure)
Press: ? - help, Dir - look around, f - activate You miscast Flame Wave.
You are very lightly contaminated with residual magic.
You are blasted with magical energy!
You die...

#..##### ...#_._..#
#######
...#._.._#.#.....#
##.#.._..#.......#
.#.#>.._.#.......#
...#.._S.# #.....#####
##.####### #.........#
##..§....# #.###.###.#
###......###.# #@# #.#
..#......§...#.#p#.#.#
#........##..#..p..#.##
###..###.##..#.._..#..#
.............#######..#
......#####...........#
......# #....######.#
###..## #...... .# ##..
#....### ##


You could see 2 humans.

Vanquished Creatures
  Pikel (D:6)
  A hornet (D:5)
  A shadow (D:8)
  6 yaks
  2 steam dragons
  A water moccasin (D:8)
  2 orc warriors (D:8)
  An ice beast (D:6)
  A sky beast (D:7)
  A centaur (D:5)
  An ogre (D:4)
  2 lemures (D:6)
  A kobold brigand (D:8)
  A weeping skull (Ossuary)
  A bullfrog (D:6)
  3 scorpions
  A burial acolyte (Ossuary)
  4 hounds
  2 jellies
  A human zombie (Ossuary)
  2 orc priests (D:8)
  Terence (D:2)
  3 iguanas
  6 orc wizards
  4 mummies (Ossuary)
  7 adders
  7 gnolls
  A shadow imp (D:6)
  3 white imps
  4 ufetubi
  5 ribbon worms
  7 dart slugs
  15 orcs
  6 bats
  9 endoplasms
  4 giant cockroaches
  2 gnoll zombies (Ossuary)
  10 goblins
  4 hobgoblins
  7 jackals
  5 quokkas
  9 ball pythons
  4 frilled lizards
  14 kobolds
  2 kobold zombies (Ossuary)
  3 orc zombies (Ossuary)
  2 quokka zombies (D:6)
  7 rats
187 creatures vanquished.

Vanquished Creatures (others)
  565 foxfires
565 creatures vanquished.

Grand Total: 752 creatures vanquished

Notes
Turn   | Place    | Note
-------+----------+-------------------------------------------
     0 | D:1      | Berder the Naga Fire Elementalist began the quest for the
                  | Orb.
     0 | D:1      | Reached XP level 1. HP: 15/15 MP: 3/3
   183 | D:1      | Reached XP level 2. HP: 21/22 MP: 0/5
   294 | D:1      | Found Kazeb's Assorted Antiques.
   625 | D:1      | Reached XP level 3. HP: 28/28 MP: 6/6
   631 | D:1      | Learned a level 2 spell: Scorch
  1592 | D:2      | Reached XP level 4. HP: 36/36 MP: 2/7
  2241 | D:2      | Noticed Terence
  2247 | D:2      | Killed Terence
  2400 | D:3      | Reached XP level 5. HP: 42/42 MP: 4/9
  3021 | D:3      | Found a runed translucent door.
  3022 | D:3      | Noticed Crazy Yiuf
  3267 | D:3      | Learned a level 4 spell: Flame Wave
  3464 | D:4      | Found a staircase to the Ecumenical Temple.
  3475 | Temple   | Entered the Ecumenical Temple
  3538 | D:4      | Found a glowing golden altar of the Shining One.
  3725 | D:4      | Identified the +1 scale mail "Avuevuill" {-Cast rElec rC++
                  | MP-9}
  3792 | D:4      | Noticed an ogre
  3822 | D:4      | Reached XP level 6. HP: 49/49 MP: 6/10
  4389 | D:4      | Reached XP level 7. HP: 55/55 MP: 8/12
  4493 | D:4      | Learned a level 2 spell: Searing Ray
  4894 | D:5      | Entered Level 5 of the Dungeon
  5404 | D:5      | Reached skill level 5 in Conjurations
  5404 | D:5      | Reached skill level 5 in Fire Magic
  5431 | D:5      | Found a blossoming altar of Fedhas.
  5445 | D:5      | Noticed an oklob plant
  5683 | D:5      | Noticed a steam dragon
  5694 | D:5      | Killed a steam dragon
  5697 | D:5      | Reached XP level 8. HP: 51/62 MP: 2/15
  5987 | D:5      | Noticed a hornet
  5997 | D:5      | Killed a hornet
  5998 | D:5      | Reached skill level 5 in Spellcasting
  6256 | D:6      | Found a sand-covered staircase.
  6276 | Ossuary  | Entered an ossuary
  6877 | D:6      | Found an ornate altar of the Wu Jian Council.
  6877 | D:6      | Noticed Pikel
  6886 | D:6      | Killed Pikel
  6887 | D:6      | Reached XP level 9. HP: 44/68 MP: 5/18
  7040 | D:6      | Found a hide-covered altar of Uskayaw.
  7040 | D:6      | Found a basalt altar of Yredelemnul.
  7184 | D:6      | Found a stormy altar of Qazlal.
  7296 | D:6      | Noticed Maggie
  7614 | D:7      | Found Zin's Purification Station.
  7617 | D:7      | Found a glowing silver altar of Zin.
  7890 | D:7      | Found an opulent altar of Gozag.
  8199 | D:7      | Found a radiant altar of Vehumet.
  8415 | D:7      | Became a worshipper of Vehumet
  9175 | D:8      | Reached XP level 10. HP: 63/75 MP: 16/21
  9259 | D:8      | Found a shimmering altar of Xom.
  9261 | D:8      | Found a shimmering altar of Xom.
  9262 | D:8      | Found a shimmering altar of Xom.
  9262 | D:8      | Found a shimmering altar of Xom.
  9263 | D:8      | Found a shimmering altar of Xom.
  9263 | D:8      | Found a shimmering altar of Xom.
  9264 | D:8      | Found a shimmering altar of Xom.
  9264 | D:8      | Found a shimmering altar of Xom.
  9496 | D:8      | Found an iron altar of Okawaru.
  9506 | D:8      | Killed by miscasting Flame Wave

Illustrated notes

Levels and vault maps discovered:
D:1:      kennysheep_arrival_forest, layout_loops_cross, serial_shops, shop
D:2:      layout_loops_corners, uniq_terence
D:3:      layout_loops_cross, uniq_crazy_yiuf_cottage
D:4:      nicolae_cairo_tiling, layout_basic, tso_altar,
          minmay_temple_entry_purple_smoke
D:5:      layout_gridville, tgw_fedhas
D:6:      layout_rooms, nicolae_qazlal_general_emergency,
          nicolae_wu_jian_immortal_techniques, gammafunk_temple_overflow_wave,
          enter_ossuary_4, uniq_maggie, uniq_pikel
D:7:      layout_cave_pods, zin_purify, mainiacjoe_overflow_24_doors,
          grunt_gozag_breadcrumbs
D:8:      layout_rooms, nzn_hepliaklqana_mist_gate, xom_shifter_show,
          okawaru_humans, lightli_temple_of_fire, nicolae_good_shop
Temple:   hellmonk_temple_micro_hex

Skill      XL: |  1  2  3  4  5  6  7  8  9 |
---------------+----------------------------+-----
Conjurations   | 2 3 4 5 7 8 |  8.7
Spellcasting   | 3 4 6 7 |  7.8
Fire Magic     | 4 5 7 8 |  8.7
Dodging        | |  1.5
Stealth        | |  3.0

Action                     |  1- 3 |  4- 6 |  7- 9 | 10-12 || total
---------------------------+-------+-------+-------+-------++-------
  Melee: Mace              |     7 |    13 |       |       ||    20
         War axe           |     8 |       |       |       ||     8
         Whip              |       |     6 |    37 |     5 ||    48
         Spear             |       |    38 |     5 |       ||    43
  Throw: Dart              |       |       |     3 |       ||     3
   Cast: Foxfire           |    60 |    95 |   148 |    25 ||   328
         Scorch            |       |     1 |     6 |       ||     7
         Flame Wave        |       |       |    13 |     4 ||    17
         Searing Ray       |       |       |     1 |       ||     1
Ability: Spit Poison       |    11 |     7 |     4 |       ||    22
  Evoke: Wand              |       |       |     2 |       ||     2
    Use: Scroll            |       |     4 |     5 |       ||     9
         Potion            |       |       |     2 |       ||     2
   Stab: Sleeping          |     3 |     6 |     3 |       ||    12
 Armour: Robe              |    33 |    54 |    87 |    25 ||   199
  Dodge: Dodged            |    26 |    27 |    40 |     7 ||   100

Table legend: (Time is in decaauts)
 A = Elapsed time spent in this place.
 B = Non-inter-level travel time spent in this place.
 C = Inter-level travel time spent in this place.
 D = Time resting spent in this place.
 E = Time spent auto-exploring this place.
 F = Levels seen in this place.
 G = Mean time per level.
                   A        B        C        D        E       F      G
               +--------+--------+--------+--------+--------+-----+--------+
         Total |  11716 |  11210 |    506 |   2511 |   6060 |  10 | 1171.6 |
       Dungeon |  11191 |  10685 |    506 |   2373 |   5990 |   8 | 1398.9 |
        Temple |     29 |     29 |      0 |      0 |     28 |   1 |   29.0 |
       Ossuary |    494 |    494 |      0 |    138 |     42 |   1 |  494.0 |
               +--------+--------+--------+--------+--------+-----+--------+

Top non-repeatable levels by time:
     D:7: 2173 daAuts
     D:4: 1761 daAuts
     D:5: 1579 daAuts
     D:2: 1533 daAuts
     D:3: 1406 daAuts
     D:1: 1386 daAuts
     D:6: 863 daAuts
 Ossuary: 494 daAuts
     D:8: 488 daAuts
  Temple: 29 daAuts
